Cogmind - Beta 14 *** ADVENTURER MODE // 2024.09.30 @ 15:28:33 Player: Jefffff Result: Destroyed by S-10 Pest with Light Assault Rifle Performance ------------- Evolutions (0) 0 Regions Visited (2) 400 Robots Destroyed (35) 175 Value Destroyed (902) 902 Prototype IDs (3) 60 Alien Tech Used (0) 0 Bonus (0) 0 TOTAL SCORE: 1537 Bonus ------- None Cogmind --------- Core Integrity 0/250 Matter 288/300 Energy 250/250 System Corruption 0% Temperature Cool (0) Movement Walking (260) Ox2 Location -10/Subcaves Parts ------- > --- POWER (1) -------- Ion Engine > --- PROPULSION (2) --- Aluminum Leg Aluminum Leg > --- UTILITY (2) ------ Improved Heat Sink High-capacity Storage Unit > --- WEAPON (2) ------- Improved Light Cannon > --- INVENTORY (20) --- Spiked Treads Aluminum Leg Aluminum Leg Aluminum Leg Aluminum Leg Aluminum Leg Signal Interpreter Improved Terrain Scanner Transport Network Coupler Salvage Targeting Computer Salvage Targeting Computer ECM Suite Tractor Beam Peak State ------------ > --- POWER ------------ Light Nuclear Core > --- PROPULSION ------- Aluminum Leg Aluminum Leg > --- UTILITY ---------- Improved Heat Sink High-capacity Storage Unit > --- WEAPON ----------- Particle Gun Improved Light Cannon > --- INVENTORY -------- Ion Engine Light Ion Engine Aluminum Leg Aluminum Leg Aluminum Leg Aluminum Leg Aluminum Leg Aluminum Leg Aluminum Leg Aluminum Leg Aluminum Leg Aluminum Leg Aluminum Leg Improved Heat Sink Signal Interpreter Improved Terrain Scanner Transport Network Coupler ECM Suite Tractor Beam Grenade Launcher [Rating: 15] Favorites ----------- Power Light Nuclear Core Engine Light Ion Engine Power Core Light Nuclear Core Propulsion Aluminum Leg Leg Aluminum Leg Utility Improved Heat Sink Device Improved Heat Sink Storage High-capacity Storage Unit Weapon Improved Light Cannon Energy Gun Spread Laser Ballistic Gun Light Assault Rifle Ballistic Cannon Improved Light Cannon Build | -11 -10 -10 ------- Run | Yrd Mat Sub Slots Evolved . | . . . Power . | . . . Propulsion . | . . . Utility . | . . . Weapon . | . . . Parts Attached 44 | . 36 8 Power 4 | . 2 2 Engine 2 | . . 2 Core 2 | . 2 . Reactor . | . . . Propulsion 21 | . 17 4 Treads . | . . . Leg 21 | . 17 4 Wheel . | . . . Hover . | . . . Flight . | . . . Utility 6 | . 6 . Device 4 | . 4 . Storage 2 | . 2 . Processor . | . . . Hackware . | . . . Protection . | . . . Artifact . | . . . Weapon 13 | . 11 2 Energy Gun 7 | . 6 1 Energy Cannon . | . . . Ballistic Gun 1 | . 1 . Ballistic Cannon 5 | . 4 1 Launcher . | . . . Special Weapon . | . . . Impact Weapon . | . . . Slashing Weapon . | . . . Piercing Weapon . | . . . Special Melee Weapon . | . . . Unidentified Prototypes . | . . . Parts Lost 8 | . 1 7 Power 3 | . 1 2 Propulsion 2 | . . 2 Utility . | . . . Weapon 3 | . . 3 Highest Loss Streak 4 | . 1 4 To Critical Strikes . | . . . Average Slot Usage (%) 98 | . 97 99 Engine 1 | . . 2 Core 12 | . 13 11 Leg 27 | . 27 27 Device 13 | . 13 14 Storage 14 | . 14 14 Energy Gun 14 | . 14 13 Ballistic Gun 3 | . 6 . Ballistic Cannon 10 | . 6 13 Peak Build Rating 15 | . 15 15 Average Rating 13 | . 12 14 On Entrance 9 | 6 6 15 Naked Turns . | . . . Heaviest Build 53 | 11 53 53 Greatest Support 20 | 20 20 20 Greatest Overweight (x) 16 | . 16 2 Average Overweight (x) 1 | . 1 2 Largest Inventory Capacity 20 | . 20 20 Average Capacity 18 | . 17 20 Most Carried 20 | . 20 20 Average Carried 17 | . 16 19 Final Capacity 20 | 8 20 20 Final Carried 20 | 6 20 13 Class Distribution -------------------- 61% | Scavenger-Mutant 38% | Mutant Dominant Class ---------------- Scavenger-Mutant | -10/Materials Mutant | -10/Subcaves Resources | -11 -10 -10 ----------- Run | Yrd Mat Sub Matter Collected 875 | 200 324 351 Remotely . | . . . Salvage Created 980 | . 815 165 Parts 69 | . 57 12 Haulers Intercepted 2 | . 2 . Recyclers Shooed 2 | . 2 . Parts Field Recycled . | . . . Retrieved Matter . | . . . Parts Self-Destructed 13 | . . 13 Prevented . | . . . Kills | -11 -10 -10 ------- Run | Yrd Mat Sub Combat Hostiles Destroyed 23 | . 13 10 Guns 15 | . 12 3 Cannons 8 | . 1 7 Classes Destroyed 8 | . 7 1 Worker 3 | . 3 . Tunneler 1 | . 1 . Hauler 2 | . 2 . Recycler 3 | . 3 . Watcher 3 | . 3 . Swarmer 3 | . 3 . Grunt 10 | . 10 . Subdweller 10 | . . 10 Best Kill Streak 6 | . 6 4 Combat Bots Only 4 | . 4 4 Max Kills in Single Turn 1 | . 1 1 Gunslinging . | . . . Exploded . | . . . Melee . | . . . Uniques/NPCs Destroyed . | . . . Combat | -11 -10 -10 -------- Run | Yrd Mat Sub Hostile Shots Fired 118 | . 43 75 Missed 36 | . 11 25 Damage Taken 1303 | . 303 1000 Core 255 | . 25 230 Absorbed by Shields . | . . . Ignored by Resistances 341 | . 94 247 Regen/Repaired (Parts) 22 | . 22 . Core Remaining (%) 100 | 100 . . Volleys Fired 126 | . 73 53 Largest 2 | . 2 2 Hottest 115 | . 115 104 Shots Fired 220 | . 127 93 Gun 165 | . 124 41 Cannon 55 | . 3 52 Launcher . | . . . Special . | . . . Kinetic 115 | . 63 52 Thermal 105 | . 64 41 Explosive . | . . . Electromagnetic . | . . . Robot Hit Streak 35 | . 20 35 Robot Miss Streak 5 | . 2 5 Penetration Max . | . . . Secondary Targets . | . . . Shots Hit Robots 149 | . 93 56 Core Hits 88 | . 43 45 Critical Kills 1 | . 1 . Critical Parts Destroyed . | . . . Critical Strikes 7 | . 6 1 Burn 5 | . 5 . Destroy 1 | . 1 . Blast 1 | . . 1 Melee Attacks . | . . . Impact . | . . . Slashing . | . . . Piercing . | . . . Sneak Attacks . | . . . Combat Hostiles . | . . . Follow-up Attacks . | . . . Damage Inflicted 2222 | . 1093 1129 Guns 1555 | . 1074 481 Cannons 667 | . 19 648 Explosions . | . . . Melee . | . . . Ramming . | . . . Kinetic 1032 | . 384 648 Thermal 1190 | . 709 481 Explosive . | . . . Electromagnetic . | . . . Impact . | . . . Slashing . | . . . Piercing . | . . . Highest Corruption . | . . . Average Corruption . | . . . Corruption Purged . | . . . Corruption Blocked . | . . . Overload Shots . | . . . Overflow Damage . | . . . Projectiles . | . . . Explosions . | . . . Melee . | . . . Knockbacks 6 | . . 6 Impact . | . . . Kinetic 6 | . . 6 Secondary . | . . . Self-Inflicted Damage . | . . . Shots . | . . . Rammed . | . . . Targets Rammed . | . . . Kicked . | . . . Crushed . | . . . Highest Temperature 249 | . 249 . Average Temperature 76 | . 76 . Received Heat Transfer 405 | . 210 195 Effects 2 | . 2 . Interference 2 | . 2 . Siege Activations . | . . . Robots Corrupted . | . . . Combat Hostiles . | . . . Parts Fried . | . . . Impact Corruptions . | . . . Robots Melted . | . . . Combat Hostiles . | . . . Parts Melted 4 | . 4 . Heat Transferred 2862 | . 2257 605 Parts Sabotaged . | . . . Parts Stolen . | . . . Parts Stripped . | . . . Power Chain Reactions . | . . . Alert | -11 -10 -10 ------- Run | Yrd Mat Sub Peak Influence 249 | . 249 . Initial . | . . . Average 42 | . 42 . Maximum Alert Level 1 | . 1 . Low Security (%) 97 | . 97 . Level 1 3 | . 3 . Level 2 . | . . . Level 3 . | . . . Level 4 . | . . . Level 5 . | . . . High Security . | . . . Max Security . | . . . Squads Dispatched . | . . . Investigation . | . . . Extermination . | . . . Reinforcement . | . . . Assault . | . . . Garrison . | . . . Intercept . | . . . Searches Triggered . | . . . Construction Impeded . | . . . Haulers Reinforced . | . . . Active Scanning Responses . | . . . Cargo Convoy Interrupts . | . . . Stealth | -11 -10 -10 --------- Run | Yrd Mat Sub Distress Signals 1 | . 1 . Communications Jammed . | . . . Distress Signals . | . . . Times Spotted 33 | . 20 13 Peak Tracking Total 4 | . 4 3 Tactical Retreats . | . . . Traps | -11 -10 -10 ------- Run | Yrd Mat Sub Traps Triggered 11 | . 8 3 Indirectly . | . . . Trap Hack Attempts . | . . . Triggered . | . . . Disarmed . | . . . Reprogrammed . | . . . Reused . | . . . Traps Extracted . | . . . Installed . | . . . Triggered . | . . . Machines | -11 -10 -10 ---------- Run | Yrd Mat Sub Machines Disabled . | . . . Max in Single Turn . | . . . Machines Repaired . | . . . Machines Dismantled . | . . . Machines Sabotaged . | . . . Overloaded Fab Kills . | . . . Hacking | -11 -10 -10 --------- Run | Yrd Mat Sub Machines Accessed 11 | . 11 . Terminals 8 | . 8 . Fabricators . | . . . Repair Stations 1 | . 1 . Recycling Units 2 | . 2 . Scanalyzers . | . . . Garrison Access . | . . . Total Hacks 28 | . 28 . Successful 18 | . 18 . Failed 9 | . 9 . Catastrophic . | . . . Database Lockouts 1 | . 1 . Manual 22 | . 22 . Terminals 23 | . 23 . Fabricators . | . . . Repair Stations 2 | . 2 . Recycling Units 3 | . 3 . Scanalyzers . | . . . Garrison Access . | . . . Terminal Hacks 5 | . 5 . Robot Analysis 2 | . 2 . Prototype ID Bank 2 | . 2 . Locate Traps 1 | . 1 . Fabricator Hacks . | . . . Repair Station Hacks 2 | . 2 . Scan Component 1 | . 1 . Repair 1 | . 1 . Recycling Unit Hacks 2 | . 2 . Report Inventory 1 | . 1 . Retrieve Components 1 | . 1 . Scanalyzer . | . . . Garrison Access Hacks . | . . . Unauthorized Hacks 9 | . 9 . Terminals 9 | . 9 . Track 1 | . 1 . Botnet 8 | . 8 . Fabricators . | . . . Repair Stations . | . . . Recycling Units . | . . . Scanalyzers . | . . . Garrison Access . | . . . Data Cores Recovered . | . . . Used . | . . . Hacking Detections 8 | . 8 . Full Trace Events 1 | . 1 . Feedback Events . | . . . Feedback Blocked . | . . . Robot Schematics Acquired . | . . . Robots Built . | . . . Authchips . | . . . Time . | . . . Total Robot Build Rating . | . . . Part Schematics Acquired . | . . . Parts Built . | . . . Authchips . | . . . Time . | . . . Total Part Build Rating . | . . . Parts Repaired 1 | . 1 . Time 32 | . 32 . Parts Recycled . | . . . Recycled Matter . | . . . Retrieved Matter . | . . . Retrieved Components 4 | . 4 . Parts Scanalyzed . | . . . Part Schematics Acquired . | . . . Parts Damaged . | . . . Bothacking | -11 -10 -10 ------------ Run | Yrd Mat Sub Used RIF Installer . | . . . Robots Hacked . | . . . Non-combat . | . . . Combat . | . . . Robot Hacks Applied . | . . . Relay Couplers Released . | . . . Fabnet Peak Effective % . | . . . Robots Rewired . | . . . Allies Hacked . | . . . Hacks Repelled . | . . . Allies | -11 -10 -10 -------- Run | Yrd Mat Sub Total Allies . | . . . Largest Group . | . . . Highest-Rated Group . | . . . Highest-Rated Ally . | . . . Total Orders . | . . . Ally Attacks . | . . . Total Damage . | . . . Kills . | . . . Allies Corrupted . | . . . Allies Melted . | . . . Intel | -11 -10 -10 ------- Run | Yrd Mat Sub Robot Analysis Total 2 | . 2 . Derelict Logs Recovered 1 | . . 1 Drone Launches . | . . . Drone Recoveries . | . . . Exploration | -11 -10 -10 ------------- Run | Yrd Mat Sub Turns Passed 4940 | . 2400 2540 Spaces Moved 1818 | 1 905 912 Core 2 | . 2 . Treads . | . . . Legs 1816 | 1 903 912 Wheels . | . . . Hover . | . . . Flight . | . . . Fastest Speed 120 | 120 120 260 Average Speed 245 | 120 230 260 Slowest Speed 850 | 120 850 260 Overloaded Moves . | . . . Propulsion Burnouts . | . . . Robots Hopped . | . . . Cave-ins Triggered . | . . . Exploration Rate (%) 54 | 2 96 64 Regions Visited 2 Branch Regions 1 Pre-discovered Areas . | . . . Known Exits Taken . | . . . Unknown Exits Taken 2 | 1 1 . Scrap Searched 3 | . . 3 Spaces Dug . | . . . Terrain Destroyed . | . . . Melee . | . . . Projectile . | . . . AOE . | . . . Terrain Rammed . | . . . Walls Destroyed . | . . . Machines Disabled . | . . . Actions | -11 -10 -10 --------- Run | Yrd Mat Sub Total 2101 | . 1115 986 Wait 47 | . 41 6 Move 1816 | . 904 912 Hop . | . . . Pick Up 32 | . 29 3 Fast Attach 17 | . 17 . Attach 7 | . 1 6 Detach . | . . . Swap 20 | . 18 2 Drop 36 | . 32 4 Fire 126 | . 73 53 Melee . | . . . Ram . | . . . Kick . | . . . Crush . | . . . Escape Stasis . | . . . Rewire . | . . . Trap . | . . . Miscellaneous . | . . . Route ------- -11/Scrapyard -10/Materials (discovered 5 exits: [*Mat x3] / [*Min] / [*Sub]) -10/Subcaves (discovered 2 exits: [*Mat] / Rec) History --------- Turn | Location | Event 1 | -11/Scrapyard | Discovered new exit (range 0) 1 | -11/Scrapyard | Entered Materials 256 | -10/Materials | Discovered new exit (range 15) 459 | -10/Materials | Build established: Scavenger-Mutant 514 | -10/Materials | Discovered new exit (range 16) 949 | -10/Materials | Repaired Particle Gun 1146 | -10/Materials | Discovered new exit (range 9) 1329 | -10/Materials | Discovered new exit (range 16) 1576 | -10/Materials | Build established: Mutant 1955 | -10/Materials | Central database locked down 2052 | -10/Materials | Discovered new exit (range 5) 2065 | -10/Materials | Build established: Scavenger-Mutant 2401 | -10/Materials | Entered Subcaves 3650 | -10/Subcaves | Shifting Twisted Machinery released Spk. Treads 3735 | -10/Subcaves | Shifting Twisted Machinery released Riot Gun 3868 | -10/Subcaves | Discovered new exit (range 9) 3970 | -10/Subcaves | Build established: Mutant 3984 | -10/Subcaves | Shifting Twisted Machinery released Sub. Shrapnel Launcher 4001 | -10/Subcaves | Shifting Twisted Machinery released Shrapnel Trap 4539 | -10/Subcaves | Core integrity fell below 50% 4559 | -10/Subcaves | Lost 3 parts (1p1n1w) 4642 | -10/Subcaves | A swath of the cavern ceiling suddenly collapsed 4788 | -10/Subcaves | Identified exit to Recycling 4877 | -10/Subcaves | Core integrity fell below 20% 4901 | -10/Subcaves | Lost 4 parts (1p1n2w) 4941 | -10/Subcaves | Destroyed by S-10 Pest with Light Assault Rifle Last Messages --------------- 04824_ Critical hit (Impale). 04845_ Triggered Shrapnel Trap. 04845_ An expanding cloud of shrapnel blasts out in all directions. 04860_ Aluminum Leg destroyed. 04862_ 9D-CK0(R) knocked back. 04865_ 92-MD3(R) knocked back. 04866_ Imp. Light Cannon destroyed. 04869_ Lgt. Ion Engine destroyed. 04870_ Spread Laser destroyed. 04875_ Dropped Aluminum Leg. 04879_ 92-MD3(R) destroyed. 04882_ Subatomizers dissect the Aluminum Leg. 04887_ 9D-CK0(R) destroyed. 04889_ Acquired 40 matter. 04896_ Subatomizers dissect the Aluminum Leg. 04899_ Acquired 5 matter. 04907_ Acquired 15 matter. 04910_ Subatomizers dissect the Aluminum Leg, destroying it. Map ----- +----------------------------------------------------+ | ?????????????????????????????????????????????????? | | ?????????????????????????????????????????????????? | | ?????????????????????????????????????????????????? | | ?????????????????????????????????????????????????? | | ?????????????????????????????????????????????????? | | ?????????????????????????????????????????????????? | | ?????????????????????????????????????????????????? | | ?????????????????????????????????????????????????? | | ?????????????????????????????????????????????????? | | ?????????????????????????????????????????????????? | | ?????????????????????????????????????????????????? | | ????????????????????? ??????????????????????????? | | ???????????????????## ###???????????????????????? | | ??????????????????## s s???????????????????????? | | ??????????????????# s ???????????????????????? | | ?????????????????## ???????????? ???????? | | ?????????????????? #?????????? ??????? | | ??????????????????? ?????????? ??????? | | ???????????????????# ??????????# ?????## | | ??????????????????## ??????????# ???## | | ?????????????????## ?????????? ??## | | ?????????????????? ????##???? ### # | | ???????????????????? #??? ##?? ? | | ?????????????????????# #??# ## ## ## | | ?????????????????????# #?# #?# "" | | ?????????????????????# @## #?# ## | | ?????????????????????# #????????# " | | ????????????????????## """ ##???????## | | ????????????????????# """" #???????## | | ????????????????????#""" #??????## ### | | ????????????????? ?##""" ### ## #### | | ??????????????" """#"""" ##??? ## #### | | ??????????????"""" """" #????? ?# ##?# | | ??????????????"" ""##"=##"" ? ### ##??# | | ??????????????#"""##%[ ## #?#?# #???# | | ???????????????#""""!&! #### #???## ##???# | | ???????????????# " "##??## ##????###????# | | ???????????????##"" ""#????# #????????##### # | | ????????????????####" "#####?## #???????## #### | | ??????????????????##" ######?####### | | ??????????????????# ^ ^ ^ ## #### # ## | | ?????????????????# | | ?????????????????# ##### #### | | ?????????????????#######???### # ## # # ###??## # | | ?????????????????????????????#############?????### | | ?????????????????????????????????????????????????? | | ?????????????????????????????????????????????????? | | ?????????????????????????????????????????????????? | | ?????????????????????????????????????????????????? | | ?????????????????????????????????????????????????? | +----------------------------------------------------+ Best States ------------- Heat Dissipation 39 Energy Generation 14 Energy Capacity 250 Matter Stores 300 Matter Capacity 300 Sight Range 16 Terrain Scan Density 10 Resistance: KI 20 Resistance: TH 20 Resistance: EX 20 Resistance: EM 20 Resistance: I 20 Resistance: S 20 Resistance: P 20 Evasion (%) 55 Offensive Hacking 10 Item Schematics ----------------- None Robot Schematics ------------------ None Fabricated ------------ Nothing Alien Tech Used ----------------- None Achievements -------------- None Challenges ------------ None Game ------ Seed SeismicIntegrityLance Manual? 0 Play Time 00:20:17 Cumulative 133.8 hours Start 2024.09.30 @ 09:39:54 End 2024.09.30 @ 15:28:33 Sessions 2 Manual Loads 0 Difficulty Adventurer Special Mode None Game No. 183 Rogue 0 Adventurer 183 Explorer 0 Win Type - Total 0 Types 0/0/0/0/0/0/0/0/0 Lore% 47 Gallery% 51 Achievement% 39 Wizard Run 0 Options --------- Layout 2 ASCII 0 Keyboard 0 Movement Mouse Keybinds 0 Fullscreen 2 Font 48/Smallcaps Map View 50x44 Zoom Use 9% Tactical HUD 1 Map Filters NONE Filters NONE Steam 1 RUN: 2c4d395d-c2ce-42ac-b935-6fbb83764fe6